 Dungeon Crawl Stone Soup version 0.29-a0-364-g921d912d32 (webtiles) character file.

Game seed: 13301416337398095737

484 Shayle the Sneak (level 7, -4/43 HPs)
             Began as a Tengu Brigand on May 1, 2022.
             Succumbed to a kobold brigand's poison
             ... in a sewer.
             The game lasted 00:10:02 (3954 turns).

Shayle the Sneak (Tengu Brigand)                    Turns: 3954, Time: 00:10:02

Health: -4/43      AC:  3    Str: 13    XL:     7   Next: 12%
Magic:  12/12      EV: 16    Int: 16    God:
Gold:   123        SH:  0    Dex: 15    Spells: 12/12 levels left

rFire   . . .      SeeInvis .   v - +2 mace "Bixkeal" {freeze, rC+ rCorr Int+2}
rCold   + + .      Faith    .   (no shield)
rNeg    . . .      Spirit   .   b - +0 robe
rPois   .          Reflect  .   (helmet restricted)
rElec   .          Harm     .   c - +0 cloak
rCorr   +          Rampage  .   (no gloves)
Will    .....                   (boots unavailable)
Stlth   +++.......              (no amulet)
HPRegen 0.14/turn               m - ring of protection from cold
MPRegen 0.13/turn               (no ring)

@: lethally poisoned (-4 -> -27), flying quickly and evasively, hasted,
invisible, very quick
A: beak, talons 3, nimble flight, strong 1
a: no special abilities


You were in a sewer.
You visited 1 branch of the dungeon, and saw 3 of its levels.
You also visited: Sewer.

You collected 123 gold pieces.

Inventory:

Hand Weapons
 a - a +2 dagger
 n - a +2 dagger of flaming
 v - the +2 mace "Bixkeal" (weapon) {freeze, rC+ rCorr Int+2}
   (You found it on level 2 of the Dungeon)

   It freezes those it strikes, dealing additional cold damage.
   It can also slow down cold-blooded creatures.
   Int:       It affects your intelligence (+2).
   rC:        It protects you from cold.
   rCorr:     It protects you from acid and corrosion.
Missiles
 d - 17 poisoned darts (quivered)
 e - 3 curare-tipped darts
 i - a throwing net
Armour
 b - a +0 robe (worn)
 c - a +0 cloak (worn)
 w - a +0 ring mail
Jewellery
 m - a ring of protection from cold (left hand)
 t - an amulet of magic regeneration
Scrolls
 h - 2 scrolls of immolation {unknown}
 j - 2 scrolls of magic mapping
 o - 2 scrolls of teleportation
 q - a scroll of noise {unknown}
 r - a scroll of enchant weapon {unknown}
Potions
 k - 2 potions of degeneration
 p - a potion of haste
 u - a potion of flight


   Skills:
 + Level 4.0 Fighting
 - Level 2.1 Short Blades
 - Level 2.0 Throwing
 + Level 4.0 Dodging
 + Level 5.6 Stealth
 + Level 3.0 Spellcasting


You had 12 spell levels left.
You didn't know any spells.
Your spell library contained the following spells:

 Spells                   Type           Power      Damage    Failure   Level
 Sublimation of Blood     Necr           2%         N/A       28%         2
 Wereblood                Tmut           2%         N/A       28%         2
 Summon Hydra             Summ           1%         N/A       100%        7


Dungeon Overview and Level Annotations

Branches:
Dungeon (3/15)              Sewer (1/1)

Altars:


Innate Abilities, Weirdness & Mutations

You have a beak for a mouth.
You have claws for feet.
Your magical nature lets you fly swiftly and evasively.
Your muscles are strong. (Str +2)


Message History

The kobold brigand is lightly wounded.
You feel sick.
The kobold brigand hits you but does no damage.
You are more poisoned.
You barely miss the kobold brigand.
You claw the kobold brigand, but do no damage.
You peck the kobold brigand.
The kobold brigand is moderately wounded.
You feel very sick. The kobold brigand barely misses you.
The kobold brigand hits you but does no damage.
You are more poisoned.
The kobold brigand barely misses you.
The kobold brigand hits you with a +1 dagger of venom.
You are more poisoned.
You hit the kobold brigand. You freeze the kobold brigand.
You claw the kobold brigand.
The kobold brigand is moderately wounded.
* * * LOW HITPOINT WARNING * * *
You feel extremely sick. The kobold brigand closely misses you.
The kobold brigand misses you.
Unknown command.
It was a potion of invisibility.
You fade into invisibility!
* * * LOW HITPOINT WARNING * * *
You feel very sick. The kobold brigand closely misses you.
The kobold throws a stone.
The stone hits the kobold brigand.
The kobold brigand barely misses you.
It was a potion of haste.
You feel yourself speed up.
* * * LOW HITPOINT WARNING * * *
You feel very sick. The kobold brigand closely misses you.
The kobold brigand hits you with a +1 dagger of venom.
* * * LOW HITPOINT WARNING * * *
You are more poisoned.
Okay, then.
Unknown command.
You closely miss the kobold brigand.
The kobold brigand is moderately wounded.
You die...

# # #..#. ###### #######
#!....#@...### ##.....#
#....KK....†####..†....
#.....#.....†...†..###..
#..#..#..≈......††..###.
## ## #≈≈≈≈..##.....##..
≈≈≈≈≈..####........
≈≈≈≈≈≈≈≈≈≈ ##.≈..≈≈.
≈≈≈≈≈≈≈≈≈≈≈≈ ≈≈≈≈≈≈≈≈
≈≈≈≈≈≈≈≈≈≈≈≈ ≈≈≈≈≈≈≈≈


You could see 2 kobold brigands.

Vanquished Creatures
  Sigmund (D:2)
  A black bear (D:2)
  A kobold brigand (Sewer)
  Robin (D:2)
  4 adders
  2 river rats (Sewer)
  2 dart slugs (D:2)
  10 ball pythons
  6 endoplasms
  6 giant cockroaches
  10 goblins
  8 hobgoblins
  8 kobolds
  8 quokkas
  2 bats
  3 frilled lizards
  24 rats
97 creatures vanquished.

Vanquished Creatures (others)
  12 plants (D:2)
12 creatures vanquished.

Grand Total: 109 creatures vanquished

Notes
Turn   | Place    | Note
-------+----------+-------------------------------------------
     0 | D:1      | Shayle the Tengu Brigand began the quest for the Orb.
     0 | D:1      | Reached XP level 1. HP: 12/12 MP: 2/2
   160 | D:1      | Reached XP level 2. HP: 14/17 MP: 3/3
   642 | D:1      | Reached skill level 1 in Spellcasting
   642 | D:1      | Reached XP level 3. HP: 22/22 MP: 5/5
   953 | D:1      | Found a faded altar of an unknown god.
  1684 | D:2      | Identified the +2 mace "Bixkeal" {freeze, rC+ rCorr Int+2}
  1695 | D:2      | Noticed Robin
  1819 | D:2      | Reached XP level 4. HP: 23/27 MP: 6/6
  1847 | D:2      | Gained mutation: Your muscles are strong. (Str +2) [potion
                  | of mutation]
  1854 | D:2      | Killed Robin
  2535 | D:2      | Noticed a black bear
  2557 | D:2      | Killed a black bear
  2558 | D:2      | Gained mutation: Your magical nature lets you fly swiftly
                  | and evasively. [Tengu growth]
  2558 | D:2      | Reached XP level 5. HP: 32/32 MP: 7/9
  2911 | D:3      | Noticed Sigmund
  2924 | D:2      | Killed Sigmund
  2925 | D:2      | Reached skill level 5 in Stealth
  2925 | D:2      | Reached XP level 6. HP: 6/37 MP: 9/11
  3343 | D:3      | Found a glowing drain.
  3351 | Sewer    | Entered a sewer
  3621 | Sewer    | Reached XP level 7. HP: 27/42 MP: 12/12
  3953 | Sewer    | HP: 1/43 [kobold brigand/+1 dagger of venom (3)]
  3954 | Sewer    | Succumbed to a kobold brigand's poison

Illustrated notes

Levels and vault maps discovered:
D:1:      minmay_arrival_doors, layout_loops_ring, serial_aquarium,
          aquarium_bridge_straight [aquarium_subvault_bridge,
          aquarium_subvault_window, aquarium_subvault_bridge,
          aquarium_subvault_window], aquarium_window_1, aquarium_window_fake,
          aquarium_view_2d, aquarium_view_2c, aquarium_pool_2,
          shapermc_ecumenical_altar_petra, chequers_serial_rivers_room_b
D:2:      wad_lake_hut, layout_basic, uniq_robin
D:3:      layout_loops_ring, mainiacjoe_overflow_small_starburst,
          kiku_gazebo_garden_becter, gup_sewer_entry_bubbles,
          roderic_roman_lattice, minmay_misc_feat_diagonals, uniq_terence,
          uniq_crazy_yiuf_cottage, uniq_sigmund
Sewer:    sewer_minmay_treatment

Skill      XL: |  1  2  3  4  5  6  7 |
---------------+----------------------+-----
Spellcasting   | 1 2 3 |  3.0
Dodging        | 2 3 4 |  4.0
Fighting       | 3 4 |  4.0
Stealth        | 5 |  5.6
Short Blades   | |  2.1
Throwing       | |  2.0

Action                   |  1- 3 |  4- 6 |  7- 9 || total
-------------------------+-------+-------+-------++-------
Melee: Dagger            |    69 |       |       ||    69
       Kick              |    18 |    16 |    11 ||    45
       Peck              |    10 |     5 |     3 ||    18
       Mace              |    16 |    68 |    34 ||   118
       Punch             |       |     1 |       ||     1
Throw: Dart              |       |    15 |     2 ||    17
  Use: Scroll            |       |     4 |       ||     4
       Potion            |       |     5 |     2 ||     7
 Stab: Sleeping          |    10 |     8 |     1 ||    19
       Distracted        |       |       |     1 ||     1
Armor: Robe              |    13 |    15 |    11 ||    39
Dodge: Dodged            |    36 |    52 |    51 ||   139

Table legend: (Time is in decaauts)
 A = Elapsed time spent in this place.
 B = Non-inter-level travel time spent in this place.
 C = Inter-level travel time spent in this place.
 D = Time resting spent in this place.
 E = Time spent auto-exploring this place.
 F = Levels seen in this place.
 G = Mean time per level.
                   A        B        C        D        E       F      G
               +--------+--------+--------+--------+--------+-----+--------+
         Total |   4003 |   3932 |     71 |   1300 |   1553 |   4 | 1000.8 |
       Dungeon |   3399 |   3328 |     71 |   1013 |   1490 |   3 | 1133.0 |
         Sewer |    604 |    604 |      0 |    287 |     63 |   1 |  604.0 |
               +--------+--------+--------+--------+--------+-----+--------+

Top non-repeatable levels by time:
     D:2: 2136 daAuts
     D:1: 1096 daAuts
   Sewer: 604 daAuts
     D:3: 165 daAuts
